 Dungeon Crawl Stone Soup version 0.30-a0-6-g7c9e10e132 (webtiles) character file.

Game seed: 1905285009700432009

5892 pascalblue the Destroyer (level 10, -5/50 HPs)
             Began as a Deep Elf Conjurer on Aug 17, 2022.
             Was a Follower of Vehumet.
             Slain by a killer bee (13 damage)
             ... on level 9 of the Dungeon on Aug 22, 2022.
             The game lasted 00:44:07 (11594 turns).

pascalblue the Destroyer (Deep Elf Conjurer)       Turns: 11594, Time: 00:44:07

Health: -5/50      AC:  7    Str:  4    XL:     10   Next: 53%
Magic:  2/25       EV: 12    Int: 28    God:    Vehumet [*.....]
Gold:   417        SH:  0    Dex: 13    Spells: 5/28 levels left

rFire   + + .      SeeInvis .    l - +3 hand axe "Nesuupipt" {vorpal, rF++ rC+}
rCold   + . .      Faith    .    q - orb {mayhem}
rNeg    . . .      Spirit   .    v - +2 steam dragon scales
rPois   .          Reflect  .    (helmet restricted)
rElec   .          Harm     .    (no cloak)
rCorr   .          Rampage  .    (no gloves)
Will    +....      Archmagi +    (no boots)
Stlth   ++........               (no amulet)
HPRegen 0.16/turn                z - ring of the Mage {Wiz Archmagi}
MPRegen 0.19/turn                u - ring of wizardry

@: lethally poisoned (-5 -> -15)
A: antennae 1
a: Renounce Religion


You were on level 9 of the Dungeon.
You worshipped Vehumet.
Vehumet was aware of your devotion.
You visited 2 branches of the dungeon, and saw 10 of its levels.
You also visited: Sewer.

You collected 417 gold pieces.

Inventory:

Hand Weapons
 i - a +1 whip of venom
 l - the +3 hand axe "Nesuupipt" (weapon) {vorpal, rF++ rC+}
   (You took it off a gnoll on level 2 of the Dungeon)

   It inflicts extra damage upon your enemies.
   rF:        It greatly protects you from fire.
   rC:        It protects you from cold.
 A - a +4 quarterstaff of chaos
Missiles
 n - 8 poisoned darts
Armour
 a - a +1 robe
 q - an orb of mayhem (worn)
 v - +2 steam dragon scales (worn)
 B - a +1 leather armour of willpower
Magical Staves
 j - a staff of death
Jewellery
 g - a ring of resist corrosion
 u - a ring of wizardry (right hand)
 y - an amulet of reflection
 z - the ring of the Mage (left hand) {Wiz Archmagi}
   (You found it on level 7 of the Dungeon)

   [ring of wizardry]

   It improves your spell success rate.
   Archmagi:  It increases the power of your magical spells.
Scrolls
 d - a scroll of magic mapping
 r - 2 scrolls of blinking
 t - 2 scrolls of fear
 x - a scroll of butterflies
 C - a scroll of enchant armour
 D - a scroll of brand weapon {unknown}
Potions
 b - 2 potions of magic
 c - a potion of flight
 e - 5 potions of attraction
 f - a potion of experience {unknown}
 h - 2 potions of lignification {unknown}
 k - 3 potions of resistance
 m - 2 potions of curing
 o - 3 potions of cancellation
 p - 3 potions of haste {unknown}
 s - a potion of ambrosia {unknown}
 w - 3 potions of might


   Skills:
 - Level 3.0 Dodging
 - Level 3.0 Stealth
 + Level 9.8 Spellcasting
 * Level 11.9 Conjurations
 + Level 8.5 Hexes
 + Level 7.1 Translocations
 - Level 3.1 Fire Magic


You had 5 spell levels left.
You knew the following spells:

 Your Spells              Type           Power      Damage    Failure   Level
a - Magic Dart            Conj           100%       1d8       1%          1
b - Searing Ray           Conj           100%       2d8       1%          2
c - Fulminant Prism       Conj/Hex       41%        3d20      1%          4
d - Iskenderun's Mystic   Conj/Tloc      79%        2d16      1%          4
e - Inner Flame           Hex/Fire       63%        N/A       1%          3
f - Passwall              Tmut/Erth      16%        N/A       1%          2
g - Teleport Other        Tloc           69%        N/A       1%          3
h - Cause Fear            Hex            37%        N/A       1%          4

Your spell library contained the following spells:

 Spells                   Type           Power      Damage    Failure   Level
 Freeze                   Ice            80%        1d9       1%          1
 Ensorcelled Hibernation  Hex/Ice        100%       N/A       1%          2
 Dazzling Flash           Conj/Hex       100%       N/A       1%          3
 Gell's Gravitas          Tloc           69%        N/A       1%          3
 Summon Guardian Golem    Hex/Summ       54%        N/A       1%          3
 Swiftness                Air            20%        N/A       3%          3
 Animate Armour           Summ/Erth      40%        N/A       11%         4
 Corpse Rot               Necr/Pois/Air  20%        N/A       11%         4
 Dispel Undead            Necr           20%        3d11      11%         4
 Blade Hands              Tmut           10%        N/A       28%         5
 Orb of Destruction       Conj           44%        9d12      7%          7
 Dispersal                Tloc           34%        N/A       10%         6
 Iron Shot                Conj/Erth      31%        9d6       16%         6
 Spellforged Servitor     Conj/Summ      31%        N/A       58%         7
 Death Channel            Necr           10%        N/A       80%         6
 Discord                  Hex            37%        N/A       87%         8


Dungeon Overview and Level Annotations

Branches:
Dungeon (9/15)             Temple (1/1) D:6            Lair (0/5) D:8
  Sewer (visited)
    Orc: D:9-12

Altars:
Ashenzari
Cheibriados
Dithmenos
Elyvilon
Fedhas
Gozag
Hepliaklqana
Kikubaaqudgha
Makhleb
Nemelex Xobeh
Okawaru
Ru
Sif Muna
Trog
Uskayaw
Vehumet
Wu Jian
Xom
Yredelemnul
Zin
The Shining One

Shops:
D:2 ?   D:4 [   D:9 (


Innate Abilities, Weirdness & Mutations

You have a pair of small antennae on your head.


Message History

The killer bee is lightly wounded.
Your fulminant prism crackles loudly.
Casting: Magic Dart (safe; 1% risk of failure)
Confirm with . or Enter, or press ? or * to list all spells.
Aiming: Searing Ray (safe; 1% risk of failure)
Press: ? - help, Shift-Dir - straight line, f/p - killer bee
Aim: a killer bee (65% to hit)
Okay, then.
Casting: Searing Ray (safe; 1% risk of failure)
Confirm with . or Enter, or press ? or * to list all spells.
You don't have enough magic to cast this spell.
Casting: Searing Ray (safe; 1% risk of failure)
Confirm with . or Enter, or press ? or * to list all spells.
Aiming: Magic Dart (safe; 1% risk of failure)
Press: ? - help, Shift-Dir - straight line, f/p - killer bee
Aim: a killer bee (100% to hit)
You feel a surge of power!
The magic dart hits the killer bee.
The killer bee is lightly wounded.
Harold hits your fulminant prism with a +0 battleaxe!!
A killer bee comes into view.
Your fulminant prism explodes!
The blast of energy engulfs Harold!!!
You kill Harold!
Vehumet accepts your kill.
The killer bee flies into a frenzy!
The killer bee buzzes angrily.
You hear a shout!
Your Translocations skill increases to level 7!
Casting: Magic Dart (safe; 1% risk of failure)
Confirm with . or Enter, or press ? or * to list all spells.
You don't have enough magic to cast this spell.
Unknown command.
The killer bee completely misses you. The killer bee stings you!
* * * LOW HITPOINT WARNING * * *
The killer bee closely misses you.
You feel better. The killer bee stings you.
* * * LOW HITPOINT WARNING * * *
You are lethally poisoned!
The killer bee poisons you! The killer bee closely misses you.
A centaur opens the door.
The killer bee stings you!
You die...

##.+{ #..# # ##########
##'.# .# #........#
#..)###+###.# #........'
#..(y.......#
+........#c#[........#.#
#.(......#.'...........#
#§.......# #.....y...#
#.§.∩.<..# #....@....#
#.§......# ####..#####
###§..#### ##.# ##.##
... #D# ..... #..lyy.#
..[...#
#..{Yy..l.........#
#....#y...........#
+..§§≈≈≈≈≈≈


You could see a centaur, a killer bee and a neutral killer bee (fast, strong,
insane).

Vanquished Creatures
  Harold (D:9)
  A hornet (D:9)
  3 wyverns
  6 yaks
  3 steam dragons
  Edmund (D:6)
  An acid dragon (D:8)
  3 water moccasins
  Pargi (Sewer)
  5 black bears
  2 sky beasts (D:9)
  An orc warrior (D:8)
  An ogre (D:5)
  4 bullfrogs (D:8)
  A necrophage (D:5)
  A scorpion (D:4)
  4 wights (D:8)
  7 killer bees (D:9)
  2 howler monkeys (D:8)
  3 jellies
  4 hounds
  Crazy Yiuf (D:7)
  3 iguanas
  8 orc wizards
  6 gnolls (D:2)
  11 adders
  An ufetubus (D:6)
  5 worms
  A dart slug (D:3)
  21 orcs
  10 bats
  9 endoplasms
  A giant cockroach (D:6)
  10 hobgoblins
  4 kobolds
  4 quokkas
  9 ball pythons
  9 frilled lizards
  10 goblins
  6 rats
184 creatures vanquished.

Vanquished Creatures (collateral kills)
  A steam dragon (D:9)
  A hound (D:5)
  An orc priest (D:5)
  An orc wizard (D:5)
  An orc (D:5)
  A goblin (D:4)
  A kobold (D:3)
7 creatures vanquished.

Vanquished Creatures (others)
  A wyvern (D:9)
  A ball python (D:6)
  A goblin (D:4)
  30 fulminant prisms
  44 fungi (D:8)
  27 plants (D:8)
104 creatures vanquished.

Grand Total: 295 creatures vanquished

Notes
Turn   | Place    | Note
-------+----------+-------------------------------------------
     0 | D:1      | pascalblue the Deep Elf Conjurer began the quest for the
                  | Orb.
     0 | D:1      | Reached XP level 1. HP: 10/10 MP: 6/6
   411 | D:1      | Reached XP level 2. HP: 15/15 MP: 1/8
   656 | D:1      | Gained mutation: Your muscles are strong. (Str +4, Int/Dex
                  | -1) [potion of mutation]
   656 | D:1      | Gained mutation: You are partially covered in iridescent
                  | scales. (AC +2) [potion of mutation]
   657 | D:1      | Lost mutation: You are partially covered in iridescent
                  | scales. (AC +2) [potion of mutation]
   657 | D:1      | Lost mutation: Your muscles are strong. (Str +4, Int/Dex
                  | -1) [potion of mutation]
   657 | D:1      | Gained mutation: You have a pair of small antennae on your
                  | head. [potion of mutation]
   955 | D:2      | Reached XP level 3. HP: 19/19 MP: 4/9
  1075 | D:2      | Found Wyintupa's Magic Scroll Shoppe.
  1134 | D:2      | Reached skill level 5 in Conjurations
  1219 | D:2      | Learned a level 2 spell: Searing Ray
  1287 | D:2      | Found a faded altar of an unknown god.
  1551 | D:2      | Reached XP level 4. HP: 24/24 MP: 7/11
  1593 | D:2      | Learned a level 4 spell: Fulminant Prism
  1616 | D:2      | Identified the +3 hand axe "Nesuupipt" {vorpal, rF++ rC+}
  1985 | D:2      | Noticed a gnoll sergeant
  1985 | D:2      | Found the +3 woodcutter's axe {vorpal}
  1995 | D:2      | HP: 1/24 [gnoll sergeant/+2 vampiric spear (4)]
  2728 | D:3      | Reached skill level 6 in Conjurations
  2728 | D:3      | Reached XP level 5. HP: 28/28 MP: 8/13
  2743 | D:3      | Learned a level 4 spell: Iskenderun's Mystic Blast
  2953 | D:3      | Upgraded the game from 0.29-a0-1052-g6990b1bffc to
                  | 0.29-a0-1065-g47a6bb87d6
  3397 | D:4      | Reached skill level 1 in Hexes
  3399 | D:4      | Reached skill level 1 in Translocations
  4038 | D:4      | Found Obythra Amosch's Antique Armour Shoppe.
  4046 | D:4      | Reached XP level 6. HP: 32/32 MP: 11/15
  4098 | D:4      | Reached skill level 5 in Spellcasting
  4441 | D:4      | Noticed a steam dragon
  4453 | D:4      | Killed a steam dragon
  4454 | D:4      | Reached skill level 7 in Conjurations
  4658 | D:4      | Reached XP level 7. HP: 24/36 MP: 11/17
  5320 | D:5      | Entered Level 5 of the Dungeon
  6002 | D:5      | Reached skill level 8 in Conjurations
  6751 | D:5      | Learned a level 3 spell: Inner Flame
  6812 | D:6      | Reached XP level 8. HP: 41/41 MP: 13/19
  6869 | D:6      | Found a glowing drain.
  6877 | Sewer    | Entered a sewer
  7031 | Sewer    | Noticed Pargi
  7038 | Sewer    | Killed Pargi
  7039 | Sewer    | Reached skill level 1 in Fire Magic
  7132 | Sewer    | Learned a level 2 spell: Passwall
  7604 | D:6      | Reached skill level 5 in Hexes
  7787 | D:6      | Found a white marble altar of Elyvilon.
  7799 | D:6      | Found a hide-covered altar of Uskayaw.
  8230 | D:6      | Reached skill level 9 in Conjurations
  8345 | D:6      | Noticed Edmund
  8354 | D:6      | Killed Edmund
  8428 | D:6      | Found a staircase to the Ecumenical Temple.
  9049 | Temple   | Entered the Ecumenical Temple
  9168 | Temple   | Became a worshipper of Vehumet
  9470 | D:7      | Found a blossoming altar of Fedhas.
  9550 | D:7      | Found a snail-covered altar of Cheibriados.
  9692 | D:7      | Reached XP level 9. HP: 37/45 MP: 7/22
  9692 | D:7      | Upgraded the game from 0.29-a0-1065-g47a6bb87d6 to
                  | 0.30-a0-6-g7c9e10e132
  9839 | D:7      | Found the ring of the Mage {Wiz Archmagi}
  9874 | D:7      | Learned a level 3 spell: Teleport Other
  9879 | D:7      | Learned a level 4 spell: Cause Fear
  9887 | D:7      | Found a runed translucent door.
  9888 | D:7      | Noticed Crazy Yiuf
  9895 | D:7      | Killed Crazy Yiuf
 10178 | D:8      | Reached skill level 10 in Conjurations
 10178 | D:8      | Reached skill level 5 in Translocations
 10290 | D:8      | Reached * piety under Vehumet
 10290 | D:8      | Offered knowledge of Freeze by Vehumet.
 10739 | D:8      | Reached XP level 10. HP: 46/50 MP: 12/25
 10826 | D:8      | Found a staircase to the Lair.
 10953 | D:8      | Reached skill level 11 in Conjurations
 11037 | D:8      | Found a shimmering blue altar of Sif Muna.
 11521 | D:9      | Found Zopiowk's Antique Weapon Shop.
 11527 | D:9      | Noticed Harold
 11592 | D:9      | Killed Harold
 11593 | D:9      | HP: 1/50 [killer bee (12)]
 11594 | D:9      | Slain by a killer bee

Illustrated notes

Levels and vault maps discovered:
D:1:      dpeg_arrival_water_temple_mockup, layout_rooms,
          corexii_item_surrounded_by_moat, minmay_three_crescents
D:2:      layout_basic, serial_shops, shop, basic_ecumenical_altar,
          pf_guarded_unrand_woodcutter
D:3:      layout_rooms, minmay_misc_feat_ornament, minmay_fractal_squares_5
D:4:      layout_layer_cave, serial_shops, shop, minmay_stone_trees_large,
          minmay_goblin_outpost
D:5:      layout_basic, serial_co_window_serial, co_window_paths_a,
          co_window_of_opportunity_a, co_window_paths_b, co_window_paths_a,
          co_window_of_opportunity_a, co_window_paths_c, co_window_paths_c,
          co_window_paths_c, co_window_paths_c, co_window_2corner,
          co_window_unsneaky_path_b, co_window_4corner_b, co_window_paths_e,
          glass_columns_a, glass_columns_a, glass_columns_b, glass_columns_a,
          glass_columns_b
D:6:      layout_loops_ring, minitemple, minmay_temple_entry_poolview,
          portal_sewer_entry_e, serial_co_window_serial, co_window_paths_a,
          co_window_corner_a, co_window_paths_b, co_window_paths_a,
          co_window_paths_a, co_window_corner_cb, co_window_broadway_a,
          co_window_corner_cb, co_window_4corner_a, glass_columns_b,
          glass_columns_a, glass_columns_a, glass_columns_c, glass_columns_a,
          lemuel_flame_loot_1, uniq_edmund
D:7:      layout_rooms, mainiacjoe_overflow_catch_the_wave,
          small_statue_intersection, kennysheep_generic_room_3,
          uniq_crazy_yiuf_cottage
D:8:      layout_gridville, mainiacjoe_overflow_24_doors,
          due_lair_maze_entry_diamond, dreamdust_mushroom_princess
D:9:      layout_roguey, lemuel_doored_altar, serial_shops,
          nicolae_stop_n_shop_2, nicolae_stop_n_shop_1, kennysheep_mini_moat,
          nicolae_lakefront_shop, nicolae_shop_competitors_out_of_business,
          nicolae_shop_i_like_big_books, hangedman_misty_isle, uniq_harold
Temple:   kb_temple_of_zot

Skill      XL: |  1  2  3  4  5  6  7  8  9 10 |
---------------+-------------------------------+-----
Stealth        | 3 |  3.0
Dodging        | 3 |  3.0
Conjurations   | 5 6 7 8 9 10 11 | 11.9
Spellcasting   | 4 5 6 7 9 |  9.8
Hexes          | 1 3 4 5 7 8 |  8.5
Translocations | 1 2 3 4 6 7 |  7.1
Fire Magic     | 3 |  3.1

Action                   |  1- 3 |  4- 6 |  7- 9 | 10-12 || total
-------------------------+-------+-------+-------+-------++-------
 Cast: Magic Dart        |    75 |   106 |    98 |    10 ||   289
       Searing Ray       |       |    12 |    23 |     7 ||    42
       Fulminant Prism   |       |     1 |    17 |    12 ||    30
       Passwall          |       |       |     3 |       ||     3
       Inner Flame       |       |       |     1 |     2 ||     3
       Iskenderun's Myst |       |       |     1 |     1 ||     2
       Cause Fear        |       |       |     1 |       ||     1
  Use: Scroll            |     5 |     4 |    14 |     2 ||    25
       Potion            |     2 |       |       |     2 ||     4
Armor: Robe              |     1 |     2 |       |       ||     3
       Steam dragon scal |       |     4 |    14 |     3 ||    21
Dodge: Dodged            |    10 |    25 |    25 |     9 ||    69

Table legend: (Time is in decaauts)
 A = Elapsed time spent in this place.
 B = Non-inter-level travel time spent in this place.
 C = Inter-level travel time spent in this place.
 D = Time resting spent in this place.
 E = Time spent auto-exploring this place.
 F = Levels seen in this place.
 G = Mean time per level.
                   A        B        C        D        E       F      G
               +--------+--------+--------+--------+--------+-----+--------+
         Total |  11628 |  11316 |    312 |   1884 |   7923 |  11 | 1057.1 |
       Dungeon |  11186 |  10903 |    283 |   1884 |   7675 |   9 | 1242.9 |
        Temple |    148 |    119 |     29 |      0 |     32 |   1 |  148.0 |
         Sewer |    293 |    293 |      0 |      0 |    216 |   1 |  293.0 |
               +--------+--------+--------+--------+--------+-----+--------+

Top non-repeatable levels by time:
     D:6: 2052 daAuts
     D:4: 1949 daAuts
     D:5: 1447 daAuts
     D:2: 1284 daAuts
     D:8: 1270 daAuts
     D:3: 1269 daAuts
     D:7: 1021 daAuts
     D:1: 819 daAuts
   Sewer: 293 daAuts
  Temple: 148 daAuts
     D:9: 72 daAuts
